 Dungeon Crawl Stone Soup version 0.30-a0-21-g5d08c37080 (webtiles) character file.

Game seed: 4375220646900393945

28845 gruffalo the Carver (level 13, -22/101 HPs)
             Began as a Human Fighter on Aug 24, 2022.
             Was a High Priest of Okawaru.
             Killed from afar by a deep elf annihilator (60 damage)
             ... with a crystal spear
             ... on level 1 of the Elven Halls.
             The game lasted 01:52:44 (20765 turns).

gruffalo the Carver (Human Fighter)                Turns: 20765, Time: 01:52:45

Health: -22/101    AC: 26    Str: 17    XL:     13   Next: 76%
Magic:  11/18      EV: 10    Int: 10    God:    Okawaru [*****.]
Gold:   532        SH: 13    Dex: 16    Spells: 12/12 levels left

rFire   + . .      SeeInvis .    y - +7 Throatcutter {drain, coup de grace}
rCold   . . .      Faith    .    I - +0 kite shield
rNeg    . . .      Spirit   .    R - +2 plate armour {rF+}
rPois   .          Reflect  .    J - +2 hat
rElec   .          Harm     .    O - +2 cloak
rCorr   .          Rampage  .    (no gloves)
Will    .....                    t - +0 pair of boots
Stlth   ..........               (no amulet)
HPRegen 0.26/turn                (no ring)
MPRegen 0.16/turn                (no ring)

@: heroic, finesse-ful, studying Armour
A: no striking features
a: Renounce Religion, Heroism, Finesse, Duel


You were on level 1 of the Elven Halls.
You worshipped Okawaru.
Okawaru was extremely pleased with you.
You visited 5 branches of the dungeon, and saw 16 of its levels.
You also visited: Sewer.

You collected 1472 gold pieces.
You spent 940 gold pieces at shops.

Inventory:

Hand Weapons
 s - the +3 flail of Nemelex Xobeh's Wrath {venom, Str+4}
   (You found it on level 3 of the Dungeon)

   It poisons the flesh of those it strikes.
   Str:       It affects your strength (+4).
 y - the +7 Throatcutter (weapon) {drain, coup de grace}
   (You found it on level 5 of the Dungeon)

   A truly terrible weapon, it drains the life of any living foe it strikes.
   It may instantly kill foes which have little health.
 C - the +4 scimitar "Ulianiowk" {flame, Fly rF++ rN+ Dex+2}
   (You bought it in a shop on level 1 of the Orcish Mines)

   It burns those it strikes, dealing additional fire damage.
   Big, fiery blades are also staple armaments of hydra-hunters.
   Dex:       It affects your dexterity (+2).
   rF:        It greatly protects you from fire.
   rN:        It protects you from negative energy.
   Fly:       It grants you flight.
 S - a +1 shortbow of flaming
Missiles
 b - 4 throwing nets
 x - 21 boomerangs
 F - 80 stones
 P - 2 silver boomerangs (quivered)
Armour
 t - a +0 pair of boots (worn)
 G - an orb of wrath
 I - a +0 kite shield (worn)
 J - a +2 hat (worn)
 O - a +2 cloak (worn)
 R - a +2 plate armour of fire resistance (worn)
Wands
 i - a wand of flame (20)
 o - a wand of iceblast (15)
 q - a wand of acid (13)
 B - a wand of polymorph (6)
 E - a wand of charming (15)
Scrolls
 c - a scroll of enchant weapon
 l - a scroll of brand weapon
 m - 2 scrolls of identify
 n - 2 scrolls of amnesia
 z - a scroll of fog
 A - 2 scrolls of teleportation
 H - a scroll of fear
 M - a scroll of summoning
 N - 2 scrolls of blinking
Potions
 a - a potion of resistance
 d - a potion of might
 e - a potion of mutation
 f - 4 potions of curing
 g - 2 potions of magic
 h - 3 potions of attraction
 j - a potion of brilliance
 k - a potion of haste
 r - 2 potions of heal wounds
 u - 6 potions of flight
 v - 2 potions of invisibility
 w - a potion of cancellation
 K - a potion of lignification
 Q - a potion of degeneration
Miscellaneous
 p - a piece from Xom's chessboard (15/15)
 L - a tin of tremorstones (2/2)


   Skills:
 + Level 9.1(14.1) Fighting
 - Level 14.0(19.0) Long Blades
 + Level 10.9(15.9) Armour
 + Level 8.1(13.1) Dodging
 + Level 9.1(14.1) Shields
 + Level 6.7 Invocations


You had 12 spell levels left.
You didn't know any spells.
Your spell library contained the following spells:

 Spells                   Type           Power      Damage    Failure   Level
 Magic Dart               Conj           0%         1d3       100%        1
 Ensorcelled Hibernation  Hex/Ice        0%         N/A       100%        2
 Passwall                 Tmut/Erth      0%         N/A       100%        2
 Poisonous Vapours        Pois/Air       0%         N/A       100%        2
 Sublimation of Blood     Necr           0%         N/A       100%        2
 Wereblood                Tmut           0%         N/A       100%        2
 Inner Flame              Hex/Fire       0%         N/A       100%        3
 Mephitic Cloud           Conj/Pois/Air  0%         N/A       100%        3
 Portal Projectile        Hex/Tloc       0%         N/A       100%        3
 Swiftness                Air            0%         N/A       100%        3
 Cause Fear               Hex            0%         N/A       100%        4
 Corpse Rot               Necr/Pois/Air  0%         N/A       100%        4
 Fulminant Prism          Conj/Hex       0%         3d6       100%        4
 Iskenderun's Mystic Bla  Conj/Tloc      0%         2d3       100%        4
 Leda's Liquefaction      Hex/Erth       0%         N/A       100%        4
 Lee's Rapid Deconstruct  Erth           0%         3d5*      100%        5
 Discord                  Hex            0%         N/A       100%        8
 Call Imp                 Summ           Unusable   N/A       N/A         2
 Call Canine Familiar     Summ           Unusable   N/A       N/A         3
 Summon Hydra             Summ           Unusable   N/A       N/A         7

Dungeon Overview and Level Annotations

Branches:
Dungeon (11/15)            Temple (1/1) D:7            Lair (1/5) D:10
    Orc (2/2) D:11            Elf (1/3) Orc:2         Sewer (visited)

Altars:
Ashenzari
Cheibriados
Dithmenos
Elyvilon
Fedhas
Gozag
Hepliaklqana
Kikubaaqudgha
Makhleb
Nemelex Xobeh
Okawaru
Qazlal
Ru
Sif Muna
Trog
Uskayaw
Vehumet
Wu Jian
Xom
Yredelemnul
Zin
The Shining One

Shops:
D:2 :   Orc:1 (   Orc:2 [(:*


Message History

You hit the deep elf zephyrmancer.
You behead the deep elf zephyrmancer!
You kill the deep elf zephyrmancer!
Okawaru accepts your kill.
HP restored.
You see here a +0 rapier.
You open the door.
There is an open door here.
You now have 532 gold pieces (gained 12).
There is an open door here.
You open the door.
A deep elf annihilator comes into view. It is wielding a +0 long sword.
The deep elf annihilator shouts!
The deep elf annihilator casts a spell.
The deep elf annihilator blinks!
You fail to use your ability.
You gain the combat prowess of a mighty hero.
The deep elf annihilator gestures at you while chanting.
The bolt of lightning hits you!
You can now deal lightning-fast blows.
The deep elf annihilator casts a spell at you.
The bolt of lightning hits you!!
You slash the deep elf annihilator!
The deep elf annihilator is moderately wounded.
The deep elf annihilator hits you but does no damage.
You barely miss the deep elf annihilator.
The deep elf annihilator is lightly wounded.
You slash the deep elf annihilator! You drain the deep elf annihilator.
The deep elf annihilator is heavily wounded.
You barely miss the deep elf annihilator.
The deep elf annihilator is heavily wounded.
The deep elf annihilator points at you and mumbles some strange words.
The iron shot hits you!
You slash the deep elf annihilator! You drain the deep elf annihilator.
The deep elf annihilator is severely wounded.
You miss the deep elf annihilator.
The deep elf annihilator is severely wounded.
The deep elf annihilator gestures at you while chanting.
The crystal spear hits you!!!
Ouch! That really hurt!
You die...

#.8.# #..# #...#
#..# #...# #..#
#.8.# #..########
#...###..........
#...'.#..........
.###.#.###..######+#
.............#
..........@e.#
..#######'#..# .
...#..# .....#....
.......#.....
.......#.......
.......#..###+#
####+## ..#....


You could see a deep elf annihilator (drained).

Vanquished Creatures
  Jorgrun (Orc:1)
  An orc warlord (Orc:2)
  3 two-headed ogres
  3 orc high priests
  2 deep elf pyromancers
  7 orc knights
  4 deep elf zephyrmancers
  2 orc sorcerers
  A cyclops (D:11)
  A polar bear (Lair:1)
  2 trolls (D:11)
  The ghost of Araneus the Insei, an amateur DsMo (D:4)
  5 blink frogs (Lair:1)
  2 shadows
  Eustachio (D:5)
  13 yaks
  A wraith (D:8)
  4 wyverns
  A steam dragon (D:7)
  3 vampire mosquitoes
  3 wargs
  2 acid dragons
  4 water moccasins
  An ice beast (D:8)
  42 orc warriors
  A swamp drake (D:11)
  3 black bears
  A sky beast (D:7)
  7 ogres
  9 centaurs
  2 kobold brigands
  2 necrophages
  5 bullfrogs
  A gnoll sergeant (D:6)
  5 scorpions
  20 wights
  9 killer bees
  10 howler monkeys
  A crimson imp (Orc:1)
  4 lava snakes (D:7)
  2 gnoll boudas
  A jelly (D:8)
  2 hounds
  11 orc priests
  An iron imp (Orc:1)
  3 iguanas
  24 orc wizards
  16 gnolls
  2 river rats (Sewer)
  6 adders
  A shadow imp (Orc:1)
  A white imp (Orc:1)
  An ufetubus (D:5)
  3 worms
  3 dart slugs
  101 orcs
  4 endoplasms
  8 giant cockroaches
  3 goblins
  12 hobgoblins
  5 jackals
  4 quokkas
  8 ball pythons
  3 bats
  6 frilled lizards
  11 kobolds
  8 rats
440 creatures vanquished.

Vanquished Creatures (others)
  10 fungi (Orc:2)
  5 plants (D:1)
15 creatures vanquished.

Grand Total: 455 creatures vanquished

Notes
Turn   | Place    | Note
-------+----------+-------------------------------------------
     0 | D:1      | gruffalo the Human Fighter began the quest for the Orb.
     0 | D:1      | Reached XP level 1. HP: 18/18 MP: 1/1
   169 | D:1      | Reached XP level 2. HP: 18/24 MP: 2/2
   603 | D:1      | Reached XP level 3. HP: 29/29 MP: 3/3
  1328 | D:2      | Found Neitoqen's Book Boutique.
  1808 | D:2      | Reached XP level 4. HP: 35/35 MP: 4/4
  2121 | D:3      | Identified the +3 flail of Nemelex Xobeh's Wrath {venom,
                  | Str+4}
  2153 | D:3      | Reached skill level 3 in Long Blades
  2656 | D:3      | Found a faded altar of an unknown god.
  2928 | D:4      | Reached XP level 5. HP: 41/41 MP: 5/5
  3256 | D:4      | Found a transporter.
  3262 | D:4      | Noticed Araneus's ghost (amateur DsMo)
  3388 | D:4      | Found a transporter.
  3396 | D:4      | Found a bloodstained altar of Trog.
  3428 | D:4      | Found a shadowy altar of Dithmenos.
  3810 | D:5      | Entered Level 5 of the Dungeon
  3898 | D:5      | Found the +7 Throatcutter {drain, coup de grace}
  3928 | D:5      | Reached XP level 6. HP: 46/48 MP: 6/6
  4108 | D:5      | Reached skill level 4 in Long Blades
  4109 | D:5      | Found a runed translucent door.
  4111 | D:5      | Found a runed translucent door.
  4111 | D:5      | Noticed a vampire mosquito
  4177 | D:5      | Noticed Eustachio
  4195 | D:5      | Killed Eustachio
  4196 | D:5      | Reached skill level 5 in Long Blades
  4382 | D:5      | Reached XP level 7. HP: 54/54 MP: 7/7
  4557 | D:5      | Reached skill level 6 in Long Blades
  4735 | D:5      | Reached skill level 7 in Long Blades
  4740 | D:5      | Reached XP level 8. HP: 41/60 MP: 8/8
  4756 | D:5      | Reached skill level 8 in Long Blades
  4988 | D:4      | Killed Araneus's ghost
  5140 | D:6      | Reached skill level 9 in Long Blades
  5155 | D:6      | Reached XP level 9. HP: 15/65 MP: 9/9
  5440 | D:6      | Reached skill level 10 in Long Blades
  5668 | D:6      | Found a glowing drain.
  5682 | Sewer    | Entered a sewer
  5899 | Sewer    | Found a white marble altar of Elyvilon.
  6070 | D:6      | Found a glowing golden altar of the Shining One.
  6074 | D:6      | Noticed an angel
  6157 | D:6      | Found an ornate altar of the Wu Jian Council.
  6189 | D:6      | Found a basalt altar of Yredelemnul.
  6191 | D:6      | Noticed a profane servitor
  6247 | D:6      | Reached skill level 1 in Dodging
  6611 | D:7      | Found a staircase to the Ecumenical Temple.
  6960 | Temple   | Entered the Ecumenical Temple
  7631 | D:7      | Reached skill level 11 in Long Blades
  7837 | D:8      | Reached XP level 10. HP: 73/73 MP: 10/10
  8240 | D:8      | Reached skill level 5 in Fighting
  8240 | D:8      | Reached skill level 5 in Armour
  8240 | D:8      | Reached skill level 5 in Shields
 10700 | D:9      | Reached skill level 12 in Long Blades
 10797 | D:10     | Entered Level 10 of the Dungeon
 10909 | D:10     | Reached XP level 11. HP: 80/81 MP: 11/11
 11026 | D:10     | Found a glowing silver altar of Zin.
 11192 | D:10     | Found a staircase to the Lair.
 11252 | D:10     | Noticed a two-headed ogre
 11257 | D:10     | Killed a two-headed ogre
 11325 | D:10     | Reached skill level 5 in Dodging
 11329 | D:10     | Noticed a two-headed ogre
 11846 | D:10     | Found an iron altar of Okawaru.
 11850 | D:10     | Became a worshipper of Warmaster Okawaru
 12069 | D:10     | Killed a two-headed ogre
 12088 | Lair:1   | Entered Level 1 of the Lair of Beasts
 12104 | Lair:1   | Reached * piety under Okawaru
 12105 | Lair:1   | Reached skill level 1 in Invocations
 12239 | Lair:1   | Reached ** piety under Okawaru
 12407 | Lair:1   | Reached skill level 13 in Long Blades
 12540 | Lair:1   | Noticed a seven-headed hydra
 12838 | D:11     | Reached XP level 12. HP: 91/91 MP: 13/13
 12863 | D:11     | Reached *** piety under Okawaru
 13564 | D:11     | Found a staircase to the Orcish Mines.
 14112 | Orc:1    | Entered Level 1 of the Orcish Mines
 14134 | Orc:1    | Noticed a two-headed ogre
 14557 | D:11     | Killed a two-headed ogre
 14866 | Orc:1    | Noticed Jorgrun
 14883 | Orc:1    | Killed Jorgrun
 14883 | Orc:1    | Reached **** piety under Okawaru
 15725 | Orc:2    | Entered Level 2 of the Orcish Mines
 15925 | Orc:2    | Noticed an orc high priest
 15927 | Orc:2    | Noticed a soul eater
 15928 | Orc:2    | Noticed an orc high priest
 15935 | Orc:1    | Reached ***** piety under Okawaru
 16364 | Orc:1    | Killed an orc high priest
 16365 | Orc:1    | Reached skill level 14 in Long Blades
 16495 | Orc:2    | Found Foistargh's Antique Armour Boutique.
 16681 | Orc:2    | Killed an orc high priest
 16682 | Orc:2    | Reached XP level 13. HP: 87/98 MP: 13/16
 16763 | Orc:1    | Reached skill level 5 in Invocations
 16984 | Orc:2    | Noticed an orc warlord
 17001 | Orc:2    | Paralysed by an orc sorcerer for 3 turns
 17886 | Orc:2    | Found Rifibb's Book Shop.
 17966 | Orc:2    | Found Piatt's General Store.
 17973 | Orc:2    | Bought a scroll of identify for 30 gold pieces
 17973 | Orc:2    | Bought a scroll of identify for 30 gold pieces
 17973 | Orc:2    | Bought a potion of degeneration for 15 gold pieces
 17973 | Orc:2    | Bought a potion of curing for 45 gold pieces
 18125 | Orc:2    | Killed an orc warlord
 18125 | Orc:2    | Received a gift from Okawaru
 18217 | Orc:2    | Paralysed by an orc sorcerer for 4 turns
 18224 | Orc:2    | Reached skill level 10 in Armour
 18344 | Orc:2    | Found Idesipn's Antique Weapon Boutique.
 18350 | Orc:2    | Found a staircase to the Elven Halls.
 19766 | Orc:1    | Found Lyixonwe's Weapon Shop.
 19777 | Orc:1    | Bought the +4 scimitar "Ulianiowk" {flame, Fly rF++ rN+
                  | Dex+2} for 684 gold pieces
 19777 | Orc:1    | Bought a +1 shortbow of flaming for 136 gold pieces
 20050 | Elf:1    | Entered Level 1 of the Elven Halls
 20756 | Elf:1    | Noticed a deep elf annihilator
 20765 | Elf:1    | Killed from afar by a deep elf annihilator

Illustrated notes

Levels and vault maps discovered:
D:1:      matt_arrival_spirals, layout_rooms, serial_bayou, serial_bayou_lake_a,
          serial_bayou_pond_c, serial_bayou_crossing, serial_bayou_lagoon_a
D:2:      layout_basic, serial_shops, shop_fountains, minmay_misc_feat_tiny
D:3:      kennysheep_six_static_rooms, layout_basic,
          hellmonk_ecumenical_altar_arch_garden, chequers_decorated_corner,
          nicolae_figureground_pulse
D:4:      layout_basic, mainiacjoe_overflow_large_starburst,
          gammafunk_ghost_arena, reono_crystal_passage
D:5:      lemuel_insect_pit, layout_gridville, uniq_eustachio
D:6:      layout_loops_ring, grunt_temple_overflow_holy_war,
          pdpol_wu_jian_five_deadly_venoms, portal_sewer_entry_a,
          hangedman_abyss_or_decor_stagger
D:7:      layout_rooms, minmay_temple_entry_drinking_statues, kennysheep_boxes
D:8:      layout_basic, nicolae_titane
D:9:      layout_gridville
D:10:     layout_long_grid, zin_academy, marbit_many_paths, lair_entry_dummy
D:11:     layout_irregular_city, hiddenorc2_lemuel, hellmonk_bongcloud_opening
Temple:   nicolae_temple_no_exploring_needed
Lair:1:   layout_layer_cave, beast_lair_carwin_5
Orc:1:    layout_caves, special_room [special_room_orc], serial_shops,
          nicolae_shop_crystal, hangedman_minor_magic, uniq_jorgrun
Orc:2:    grunt_orc_gardens, layout_caves, grunt_orc_garden, grunt_orc_garden,
          grunt_orc_garden, grunt_orc_garden
Elf:1:    elf_arrival_001, layout_onion_city, basic_altar,
          hangedman_corner_corridor

Skill      XL: |  1  2  3  4  5  6  7  8  9 10 11 12 13 |
---------------+----------------------------------------+-----
Long Blades    | 3 5 7 9 11 12 13 14 | 14.0
Fighting       | 4 6 7 8 9 |  9.1
Armour         | 4 6 7 9 10 | 10.9
Shields        | 4 6 7 8 9 |  9.1
Dodging        | 2 4 5 6 8 |  8.1
Invocations    | 2 4 6 |  6.7

Action                   |  1- 3 |  4- 6 |  7- 9 | 10-12 | 13-15 || total
-------------------------+-------+-------+-------+-------+-------++-------
Melee: Long sword        |    96 |   112 |   184 |   586 |   278 ||  1256
       Flail             |       |       |       |     2 |       ||     2
Throw: Boomerang         |       |       |    32 |    34 |     5 ||    71
Invok: Heroism           |       |       |       |     5 |    10 ||    15
       Finesse           |       |       |       |       |     7 ||     7
Evoke: Wand              |       |       |     3 |    18 |     1 ||    22
  Use: Scroll            |       |     9 |     6 |    12 |     1 ||    28
       Potion            |       |       |     2 |     6 |     3 ||    11
Armor: Scale mail        |    38 |       |       |       |       ||    38
       Plate armour      |     3 |    60 |   106 |   312 |   144 ||   625
       Skin              |       |       |       |    10 |       ||    10
Dodge: Dodged            |    33 |    20 |    26 |   125 |    88 ||   292
Block: Buckler           |    19 |    28 |    36 |    37 |       ||   120
       Kite shield       |       |       |       |   218 |   196 ||   414

Table legend: (Time is in decaauts)
 A = Elapsed time spent in this place.
 B = Non-inter-level travel time spent in this place.
 C = Inter-level travel time spent in this place.
 D = Time resting spent in this place.
 E = Time spent auto-exploring this place.
 F = Levels seen in this place.
 G = Mean time per level.
                   A        B        C        D        E       F      G
               +--------+--------+--------+--------+--------+-----+--------+
         Total |  20872 |  19219 |   1653 |      0 |  15795 |  17 | 1227.8 |
       Dungeon |  14343 |  12977 |   1366 |      0 |  10818 |  11 | 1303.9 |
        Temple |      1 |      1 |      0 |      0 |      0 |   1 |    1.0 |
          Lair |    474 |    474 |      0 |      0 |    344 |   1 |  474.0 |
  Orcish Mines |   5402 |   5116 |    286 |      0 |   4153 |   2 | 2701.0 |
   Elven Halls |    344 |    343 |      1 |      0 |    290 |   1 |  344.0 |
         Sewer |    306 |    306 |      0 |      0 |    190 |   1 |  306.0 |
               +--------+--------+--------+--------+--------+-----+--------+

Top non-repeatable levels by time:
   Orc:1: 2844 daAuts
   Orc:2: 2558 daAuts
    D:11: 1939 daAuts
    D:10: 1723 daAuts
     D:8: 1564 daAuts
     D:6: 1534 daAuts
     D:9: 1338 daAuts
     D:3: 1253 daAuts
     D:5: 1164 daAuts
     D:2: 1081 daAuts
     D:7: 1030 daAuts
     D:1: 952 daAuts
     D:4: 761 daAuts
  Lair:1: 474 daAuts
   Elf:1: 344 daAuts
